 Dungeon Crawl Stone Soup version 0.27.1-1-g398f81649c (webtiles) character file.

Game seed: 9847592873163413654

65 Borgoz the Shield-Bearer (level 4, -2/29 HPs)
             Began as a Gargoyle Fighter on Sept 7, 2021.
             Slain by a gnoll (6 damage)
             ... on level 3 of the Dungeon.
             The game lasted 00:01:49 (2271 turns).

Borgoz the Shield-Bearer (Gargoyle Fighter)         Turns: 2271, Time: 00:01:49

Health: -2/29      AC: 10    Str: 20    XL:     4   Next: 13%
Magic:  4/4        EV:  7    Int:  8    God:
Gold:   95         SH:  9    Dex: 10    Spells: 3/3 levels left

rFire    . . .     SeeInvis .   a - +0 flail
rCold    . . .     Faith    .   c - +0 kite shield
rNeg     + . .     Spirit   .   b - +0 scale mail
rPois    ∞         Reflect  .   (no helmet)
rElec    +         Harm     .   (no cloak)
rCorr    .         Rampage  .   (no gloves)
Will     .....                  (no boots)
Stlth    ..........             (no amulet)
HPRegen  0.09/turn              (no ring)
MPRegen  0.09/turn              (no ring)

@: mighty
A: sickness immunity, AC +3, negative energy resistance 1, electricity
resistance, torment resistance 1, petrification resistance
a: no special abilities


You were on level 3 of the Dungeon.
You visited 1 branch of the dungeon, and saw 3 of its levels.

You collected 95 gold pieces.

Inventory:

Hand Weapons
 a - a +0 flail (weapon)
Armour
 b - a +0 scale mail (worn)
 c - a +0 kite shield (worn)
Jewellery
 m - a ring of fire
Scrolls
 e - a scroll of silence {unknown}
 f - a scroll of acquirement {unknown}
 h - a scroll of teleportation {unknown}
 j - a scroll of immolation {unknown}
 k - a scroll of summoning {unknown}
 l - a scroll of identify {unknown}
 n - a scroll of blinking {unknown}
Potions
 g - a potion of curing {unknown}
 i - 2 potions of haste {unknown}


   Skills:
 + Level 3.8 Fighting
 + Level 2.6 Maces & Flails
 + Level 3.9 Armour
 + Level 4.0 Shields


You had 3 spell levels left.
You didn't know any spells.
Your spell library contained the following spells:

 Spells                   Type           Power      Damage    Failure   Level
 Static Discharge         Conj/Air       0%         N/A       100%        2
 Dispel Undead            Necr           0%         3d6       100%        4
 Sticky Flame             Conj/Fire      0%         2d3       100%        4
 Malign Gateway           Summ/Tloc      0%         N/A       100%        7
 Summon Horrible Things   Summ           0%         N/A       100%        8


Dungeon Overview and Level Annotations

Branches:
Dungeon (3/15)

Altars:

Shops:
D:2 =


Innate Abilities, Weirdness & Mutations

You are immune to sickness and miasma.
Your stone body is resilient. (AC +3)
You are immune to poison.
You resist negative energy. (rN+)
You are resistant to electric shocks. (rElec)
You are resistant to unholy torment.
You are immune to petrification.


Message History

There is an entrance to a sewer on this level.
Hurry and find it before the portal rusts away!
There is a stone staircase leading up here.
You open the door.
A rat and a gnoll come into view.
The gnoll is wielding a +2 flail of draining.
The gnoll shouts!
You hear a shout! x4
There are monsters nearby!
A gnoll comes into view. It is wielding a +0 spear.
The gnoll shouts!
The gnoll hits you with a +2 flail of draining.
A gnoll comes into view. It is wielding a +0 spear.
A kobold comes into view. It is wielding a +0 short sword.
The gnoll moves out of view.
There is an open door here.
You sock the gnoll!
The gnoll is severely wounded.
A gnoll comes into view. It is wielding a +0 club.
You block the gnoll's attack.
You closely miss the gnoll.
The gnoll is severely wounded.
You block the gnoll's attack. x2; The gnoll completely misses you.
Sorry, you're not good enough to have a special ability.
You feel very mighty all of a sudden. You block the gnoll's attack.
The gnoll hits you from afar with a +0 spear.
You thump the gnoll!
You kill the gnoll!
The gnoll hits you from afar with a +0 spear.
The gnoll hits you with a +0 club!
* * * LOW HITPOINT WARNING * * *
Your Shields skill increases to level 4!
You have reached level 4!
You feel stronger.
You sock the gnoll!
You kill the gnoll!
The gnoll hits you but does no damage. You block the gnoll's attack.
The gnoll barely misses you. The rat bites you.
* * * LOW HITPOINT WARNING * * *
The gnoll hits you from afar with a +0 spear.
You die...

#...
+#...#
##.....
.......
....8..
......g
#...gr###
#@.##
#...#
##.<#
####


You could see 2 gnolls and a rat.

Vanquished Creatures
  2 gnolls (D:3)
  2 dart slugs
  7 endoplasms
  2 giant cockroaches
  8 goblins
  2 hobgoblins
  4 jackals (D:2)
  3 kobolds
  A quokka (D:2)
  6 ball pythons
  2 bats (D:2)
  3 frilled lizards (D:1)
  5 rats (D:1)
47 creatures vanquished.

Notes
Turn   | Place    | Note
-------+----------+-------------------------------------------
     0 | D:1      | Borgoz the Gargoyle Fighter began the quest for the Orb.
     0 | D:1      | Reached XP level 1. HP: 14/14 MP: 1/1
    92 | D:1      | Reached XP level 2. HP: 15/19 MP: 2/2
   616 | D:1      | Reached XP level 3. HP: 8/23 MP: 3/3
  1326 | D:2      | Found Datza's Jewellery Shoppe.
  1583 | D:2      | Found a faded altar of an unknown god.
  2271 | D:3      | Reached skill level 4 in Shields
  2271 | D:3      | Reached XP level 4. HP: 5/29 MP: 4/4
  2271 | D:3      | Slain by a gnoll

Illustrated notes

Levels and vault maps discovered:
D:1:      heliophobic_arrival_battle_scene, layout_basic
D:2:      layout_basic, serial_shops, shop_statue,
          hellmonk_ecumenical_altar_slurped_away, hex_large
D:3:      layout_basic, portal_sewer_entry_d, minmay_misc_feat_diagonals,
          grunt_ministairs_6, eino_tiny_chamber

Skill      XL: |  1  2  3 |
---------------+----------+-----
Shields        | 4 |  4.0
Fighting       | |  3.8
Maces & Flails | |  2.6
Armour         | |  3.9

Action                   |  1- 3 |  4- 6 || total
-------------------------+-------+-------++-------
Melee: Flail             |   139 |     1 ||   140
  Use: Potion            |     1 |       ||     1
Armor: Scale mail        |    87 |     1 ||    88
Dodge: Dodged            |    51 |     1 ||    52
Block: Kite shield       |    91 |     1 ||    92
